 Dungeon Crawl Stone Soup version 0.18.1-48-g4cf74bf (webtiles) character file.

791 tyranidshit the Skirmisher (level 7, -1/67 HPs)
             Began as a Deep Dwarf Necromancer on July 12, 2016.
             Slain by an orc wizard
             ... wielding a cursed -1 dagger
              (2 damage)
             ... on level 5 of the Dungeon.
             The game lasted 00:19:11 (2703 turns).

tyranidshit the Skirmisher (Deep Dwarf Necromancer) Turns: 2703, Time: 00:19:11

Health: -1/67      AC:  4    Str: 13    XL:     7   Next: 57%
Magic:  0/12       EV: 12    Int: 18    God:
Gold:   126        SH:  0    Dex: 13    Spells: 2 memorised, 12 levels left

rFire  . . .     SeeInvis .     o - +1 scythe
rCold  . . .     Gourm    .     e - +0 robe
rNeg   . . .     Faith    .     (shield currently unavailable)
rPois  .         Spirit   .     (helmet restricted)
rElec  .         Dismiss  .     l - +0 cloak
rCorr  .         Reflect  .     i - +0 pair of gloves
SustAt .         Harm     .     (no boots)
MR     +....                    (no amulet)
Stlth  ..........               (no ring)
                                m - ring of loudness (curse)

@: confused, non-regenerating, somewhat resistant to hostile enchantments,
extremely unstealthy
A: damage resistance, recharge devices, antennae 1, sense surroundings 1, slow
regeneration 3, strong 1, MP-powered wands
a: Device Recharging


You were on level 5 of the Dungeon.
You were not hungry.

You visited 1 branch of the dungeon, and saw 6 of its levels.

You collected 126 gold pieces.

Inventory:

Hand Weapons
 j - a +0 flail
 o - a +1 scythe (weapon)
 r - a +0 war axe
 u - a +0 blowgun
Missiles
 q - 11 poisoned needles
Armour
 a - a +0 robe
 e - a +0 robe (worn)
 i - a +0 pair of gloves (worn)
 l - a +0 cloak (worn)
 p - a +0 helmet
Jewellery
 h - an uncursed ring of sustain attributes
 m - a cursed ring of loudness (left hand)
Wands
 c - a wand of heal wounds (5/9)
 n - a wand of flame (19/48)
Scrolls
 f - 2 scrolls of identify
Books
 b - a book of Necromancy

   Spells                             Type                      Level
   a - Pain                           Necromancy                   1
   b - Animate Skeleton               Necromancy                   1
   c - Vampiric Draining              Necromancy                   3
   d - Regeneration                   Charms/Necromancy            3
   e - Animate Dead                   Necromancy                   4
   f - Control Undead                 Necromancy                   4
 t - a book of Maledictions

   Spells                             Type                      Level
   a - Corona                         Hexes                        1
   b - Ensorcelled Hibernation        Hexes/Ice                    2
   c - Confuse                        Hexes                        3
   d - Tukima's Dance                 Hexes                        3
   e - Dazzling Spray                 Conjuration/Hexes            3
Comestibles
 g - 6 fruits
 s - a royal jelly


   Skills:
 + Level 5.4 Fighting
 - Level 2.1 Dodging
 - Level 2.4 Stealth
 + Level 5.2 Spellcasting
 - Level 4.3 Necromancy


You had 12 spell levels left.
You knew the following spells:

 Your Spells              Type           Power        Failure   Level  Hunger
a - Pain                  Necr           ###.         1%          1    None
b - Vampiric Draining     Necr           ###.......   10%         3    ##.....


Dungeon Overview and Level Annotations

Branches:
Dungeon (6/15)
 Temple: D:4-7

Altars:
Ashenzari
Elyvilon
Okawaru
Sif Muna
Trog
Yredelemnul

Annotations:
D:3 junkhipster's ghost, amateur GrFi
D:4 junkhipster's ghost, amateur GrFi
D:5 daning's ghost, novice HESk


Innate Abilities, Weirdness & Mutations

You are resistant to damage.
You can recharge devices by infusing magical energy.
You passively map a small area around you.
You do not regenerate naturally.
You have a pair of small antennae on your head.
Your muscles are strong. (Str +2)
You expend magic power (3 MP) to strengthen your wands.


Message History

The orc closely misses you.
You're too confused to cast spells.
Unknown command.
Evoke which item? (* to show all) (? for menu, Esc to quit)
Zapping:
c - a wand of heal wounds (6/9)
Press: ? - help, Shift-Dir - straight line, f - you Nothing appears to happen.
This wand has 5 charges left.
The hound skeleton bites you but does no damage.
You hear some strange, mumbled words.
A puff of flame appears from out of thin air!
The puff of flame hits you!
* * * LOW HITPOINT WARNING * * *
The orc barely misses you.
Evoke which item? (* to show all) (? for menu, Esc to quit)
Okay, then.
You closely miss something.
The hound skeleton bites you but does no damage.
The hound skeleton completely misses you.
Something hits you.
You die...

#.## #(# #..#
#.# #####'##
#.# #......#
#.# #......#
#o#
#......#####o#
####......##o#
#......##{#
#......##@# #
####'####Z# #
#..# #.# #
##.###.#
#######
#..##.#
......#
##'##.#
......+ ,
#....(#
......#
#.....#
.)....# ,
#.....#


You could see 3 orcs and a hound skeleton.

Vanquished Creatures
  Sigmund (D:3)
  A phantom (D:4)
  A howler monkey (D:5)
  A crimson imp (D:5)
  2 giant frog zombies (D:5)
  A giant frog skeleton (D:5)
  3 orc priests (D:3)
  2 orc wizards (D:4)
  2 worker ants
  A hound skeleton (D:4)
  Robin (D:3)
  3 adders
  A gnoll (D:4)
  A shadow imp (D:5)
  An adder zombie (D:5)
  6 giant geckos
  15 orcs
  8 bats
  3 giant cockroaches
  20 goblins
  8 hobgoblins
  2 jackals (D:6)
  3 quokkas
  2 ball pythons
  3 giant newts
  6 kobolds
  7 rats
105 creatures vanquished.

Notes
Turn   | Place    | Note
--------------------------------------------------------------
     0 | D:1      | tyranidshit the Deep Dwarf Necromancer began the quest for the Orb.
     0 | D:1      | Reached XP level 1. HP: 15/15 MP: 3/3
   204 | D:1      | Reached XP level 2. HP: 19/24 MP: 0/5
   210 | D:1      | Reached skill level 1 in Fighting
   553 | D:2      | Found a basalt altar of Yredelemnul.
   609 | D:2      | Found a white marble altar of Elyvilon.
   856 | D:2      | Found a deep blue altar of Sif Muna.
   875 | D:2      | Reached XP level 3. HP: 26/31 MP: 3/6
   885 | D:2      | Learned a level 3 spell: Vampiric Draining
  1049 | D:3      | Noticed Robin
  1132 | D:3      | Killed Robin
  1132 | D:3      | Reached XP level 4. HP: 30/39 MP: 0/8
  1257 | D:3      | Noticed Sigmund
  1264 | D:3      | Killed Sigmund
  1264 | D:3      | Reached XP level 5. HP: 26/49 MP: 2/10
  1385 | D:3      | Reached XP level 6. HP: 41/57 MP: 2/12
  1580 | D:3      | Found a bloodstained altar of Trog.
  1824 | D:3      | Noticed junkhipster's ghost (amateur GrFi)
  1935 | D:4      | Gained mutation: Your muscles are strong. (Str +2) [potion of mutation]
  1935 | D:4      | Gained mutation: You have a pair of small antennae on your head. [potion of mutation]
  1935 | D:4      | Gained mutation: You expend magic power (3 MP) to strengthen your wands. [potion of mutation]
  1995 | D:4      | Found a shattered altar of Ashenzari.
  2079 | D:4      | Reached XP level 7. HP: 38/66 MP: 4/13
  2086 | D:4      | Noticed junkhipster's ghost (amateur GrFi)
  2381 | D:4      | Found an iron altar of Okawaru.
  2448 | D:5      | Entered Level 5 of the Dungeon
  2472 | D:5      | Reached skill level 5 in Fighting
  2567 | D:5      | Reached skill level 5 in Spellcasting
  2599 | D:5      | Noticed daning's ghost (novice HESk)
  2702 | D:5      | HP: 1/67 [something/puff of flame (8)]
  2703 | D:5      | Slain by an orc wizard

Skill      XL: |  1  2  3  4  5  6  7 |
---------------+----------------------+-----
Spellcasting   | 2 3 4 5 |  5.2
Fighting       | 1 2 3 4 5 |  5.4
Dodging        | |  2.1
Stealth        | |  2.4
Necromancy     | |  4.3

Action                   |  1- 3 |  4- 6 |  7- 9 || total
-------------------------+-------+-------+-------++-------
Melee: Unarmed           |     9 |       |       ||     9
       Short sword       |    21 |       |       ||    21
       Flail             |    65 |   157 |    71 ||   293
       Scythe            |       |       |    24 ||    24
 Cast: Pain              |    39 |    13 |     2 ||    54
       Vampiric Draining |     5 |    18 |    14 ||    37
 Abil: Device Recharging |       |     1 |     1 ||     2
Evoke: Wand              |     3 |     3 |     3 ||     9
  Use: Potion            |     4 |     3 |     2 ||     9
       Scroll            |     3 |     5 |     3 ||    11
 Stab: Sleeping          |       |       |     1 ||     1
  Eat: Bread ration      |     1 |     1 |     1 ||     3
Armor: Robe              |    40 |    68 |    78 ||   186
Dodge: Dodged            |    90 |   193 |   187 ||   470
